 Dungeon Crawl Stone Soup version 0.25-a0-110-ge29c8f2358 (webtiles) character file.

Game seed: 11430751765799715954, levelgen mode: deterministic

70 Myrm the Skirmisher (level 4, -5/40 HPs)
             Began as a Draconian Berserker on Nov 19, 2019.
             Was a Believer of Trog.
             Slain by Natasha (8 damage)
             ... on level 2 of the Dungeon.
             The game lasted 00:09:06 (1098 turns).

Myrm the Skirmisher (Draconian Berserker)           Turns: 1098, Time: 00:09:07

Health: -5/40      AC:  5    Str: 20    XL:     4   Next: 3%
Magic:  4/4        EV: 13    Int:  8    God:    Trog [**....]
Gold:   79         SH:  0    Dex: 10    Spells: 3/3 levels left

rFire    . . .     SeeInvis .   a - +1 hand axe
rCold    . . .     Gourm    .   (no shield)
rNeg     . . .     Faith    .   (armour unavailable)
rPois    .         Spirit   .   (helmet restricted)
rElec    .         Reflect  .   (no cloak)
rCorr    .         Harm     .   (no gloves)
MR       .....                  (no boots)
Stlth    +.........             c - amulet of magic regeneration
HPRegen  0.13/turn              (no ring)
MPRegen  0.34/turn              (no ring)

@: no status effects
A: unfitting armour, cold-blooded, AC +5
a: Berserk, Trog's Hand, Renounce Religion


You were on level 2 of the Dungeon.
You worshipped Trog.
Trog was pleased with you.
You were not hungry.

You visited 1 branch of the dungeon, and saw 2 of its levels.

You collected 79 gold pieces.

Inventory:

Hand Weapons
 a - a +1 hand axe (weapon)
Jewellery
 b - an uncursed ring of resist corrosion {unknown}
 c - an amulet of magic regeneration (around neck)
Potions
 d - a potion of curing {unknown}


   Skills:
 + Level 4.1 Fighting
 + Level 3.8 Axes
 + Level 3.3 Dodging


You had 3 spell levels left.
You didn't know any spells.
Your spell library was empty.

Dungeon Overview and Level Annotations

Branches:
Dungeon (2/15)

Altars:

Annotations:
D:2 Natasha


Innate Abilities, Weirdness & Mutations

Your plain brown scales are hard. (AC +5)
You cannot fit into any form of body armour.
You are cold-blooded and may be slowed by cold attacks.


Message History

You barely miss Natasha.
Natasha is moderately wounded.
Natasha casts a spell at you. The magic dart hits you!
* * * LOW HITPOINT WARNING * * *
You barely miss Natasha.
Natasha is moderately wounded.
Natasha claws you.
* * * LOW HITPOINT WARNING * * *
Natasha claws you but does no damage.
You hit Natasha.
Your tail-slap misses Natasha.
Natasha is heavily wounded.
Natasha claws you.
* * * LOW HITPOINT WARNING * * *
You barely miss Natasha.
Natasha is heavily wounded.
Natasha wildly gestures.
Natasha's front paws start to glow.
Natasha claws you!
You die...

....# #...# #...# #...#
#...# .
.>#######...#####.#
....$............# ###
......h@........## #..
.................###.###
..#######†..#####.#.....
#...# #....... #...#
#..#.##. #...# #(.# .#
#...# #††##.#.
#...#####.......
#.#.............


You could see Natasha.

Vanquished Creatures
  Natasha (D:2)
  An adder (D:2)
  An ooze (D:1)
  A leopard gecko (D:1)
  3 bats
  6 giant cockroaches (D:1)
  2 goblins
  4 hobgoblins (D:1)
  2 jackals (D:1)
  A frilled lizard (D:1)
  3 kobolds (D:1)
  3 rats
28 creatures vanquished.

Notes
Turn   | Place    | Note
-------+----------+-------------------------------------------
     0 | D:1      | Myrm the Draconian Berserker began the quest for the Orb.
     0 | D:1      | Reached XP level 1. HP: 19/19 MP: 1/1
   133 | D:1      | Reached XP level 2. HP: 12/26 MP: 2/2
   853 | D:1      | Reached XP level 3. HP: 33/33 MP: 3/3
   902 | D:1      | Reached ** piety under Trog
   988 | D:2      | Noticed Natasha
  1007 | D:2      | Killed Natasha
  1007 | D:2      | Reached skill level 4 in Fighting
  1082 | D:2      | Reached XP level 4. HP: 25/40 MP: 4/4
  1086 | D:2      | Noticed Natasha
  1098 | D:2      | Slain by Natasha

Levels and vault maps discovered:
D:1:      minmay_arrival_four_houses, layout_loops_corners
D:2:      layout_loops_cross, uniq_natasha

Skill      XL: |  1  2  3 |
---------------+----------+-----
Dodging        | 3 |  3.3
Fighting       | 4 |  4.1
Axes           | |  3.8

Action                   |  1- 3 |  4- 6 || total
-------------------------+-------+-------++-------
Melee: Hand axe          |    73 |    10 ||    83
       Tailslap          |     8 |     1 ||     9
  Use: Scroll            |     3 |       ||     3
  Eat: Ration            |     1 |       ||     1
Armor: Skin              |    27 |     2 ||    29
Dodge: Dodged            |    65 |     4 ||    69

Table legend:
 A = Non-vault XP
 B = Vault XP
 C = Vault XP percentage of total XP
 D = Non-vault monster count
 E = Vault monster count
 F = Vault count percentage of total count
                 A         B        C        D         E       F
            +---------+---------+-------+---------+---------+-------
      Total |      65 |      35 |  35.0 |      27 |       1 |   3.6
            +---------+---------+-------+---------+---------+-------
        D:1 |      45 |       0 |   0.0 |      22 |       0 |   0.0
        D:2 |      20 |      35 |  63.6 |       5 |       1 |  16.7
            +---------+---------+-------+---------+---------+-------
